 Dungeon Crawl Stone Soup version 0.22-a0-274-gf8199ec (webtiles) character file.

362 sankara the Grave Robber (level 6, -1/41 HPs)
             Began as a Mummy Necromancer on Mar 14, 2018.
             Was an Initiate of Sif Muna.
             Slain by Menkaure (11 damage)
             ... on level 4 of the Dungeon.
             The game lasted 00:17:19 (4582 turns).

sankara the Grave Robber (Mummy Necromancer)        Turns: 4582, Time: 00:17:20

Health: -1/41      AC:  4    Str: 11    XL:     6   Next: 39%
Magic:  13/15      EV: 12    Int: 17    God:    Sif Muna [......]
Gold:   111        SH:  0    Dex: 12    Spells: 8/17 levels left

rFire    x . .     SeeInvis .   c - +0 whip
rCold    + . .     Gourm    .   (no shield)
rNeg     + + +     Faith    .   a - +0 robe
rPois    ∞         Spirit   .   (no helmet)
rElec    .         Reflect  .   g - +0 cloak
rCorr    .         Harm     .   (no gloves)
MR       .....                  b - +0 pair of boots
Stlth    ++........             (no amulet)
HPRegen  0.13/turn              n - +3 ring of slaying
MPRegen  0.14/turn              (no ring)

@: no status effects
A: no food or potions, fire vulnerability, cold resistance 1, negative energy
resistance 3, torment resistance, unbreathing
a: Renounce Religion


You were on level 4 of the Dungeon.
You worshipped Sif Muna.
Sif Muna was noncommittal.
You were not hungry.

You visited 1 branch of the dungeon, and saw 4 of its levels.

You collected 111 gold pieces.

Inventory:

Hand Weapons
 c - a +0 whip (weapon)
   (You took it off a kobold on level 1 of the Dungeon)
Missiles
 f - 100 stones (quivered)
 j - 3 tomahawks
Armour
 a - a +0 robe (worn)
 b - a +0 pair of boots (worn)
   (You found it on level 1 of the Dungeon)
 g - a +0 cloak (worn)
   (You found it on level 2 of the Dungeon)
Jewellery
 n - a +3 ring of slaying (left hand)
   (You found it on level 4 of the Dungeon)
Wands
 l - a wand of flame (35)
   (You found it on level 3 of the Dungeon)
Scrolls
 d - 5 scrolls of identify {unknown}
 e - a scroll of immolation {!r}
 h - a scroll of fog
 i - a scroll of teleportation {unknown}
 k - a scroll of blinking {!r}
 m - a scroll of enchant armour {unknown}


   Skills:
 - Level 1.5 Dodging
 - Level 1.5 Stealth
 + Level 6.1 Spellcasting
 + Level 6.1 Necromancy


You had 8 spell levels left.
You knew the following spells:

 Your Spells              Type           Power        Failure   Level  Hunger
a - Pain                  Necr           ####         1%          1    N/A
b - Animate Skeleton      Necr           N/A          1%          1    N/A
c - Vampiric Draining     Necr           ####......   3%          3    N/A
d - Animate Dead          Necr           N/A          10%         4    N/A

Dungeon Overview and Level Annotations

Branches:
Dungeon (4/15)
 Temple: D:4-7

Altars:
Fedhas
Sif Muna
Trog

Annotations:
D:4 Menkaure


Innate Abilities, Weirdness & Mutations

You do not eat or drink.
Your flesh is vulnerable to fire.
You are immune to poison.
Your flesh is cold resistant. (rC+)
You are immune to negative energy. (rN+++)
You are immune to unholy pain and torment.
You can survive without breathing.


Message History

The hobgoblin writhes in agony!
You kill the hobgoblin!
Sif Muna accepts your kill.
Done exploring.
Done exploring.
Done exploring.
Done exploring.
HP restored.
You see here a ration.
You see here a whip.
There is a stone staircase leading down here.
You climb downwards.
Found a stone staircase leading up.
There is a stone staircase leading up here.
You now have 111 gold pieces (gained 8).
A hound skeleton comes into view.
Casting: Pain (safe; 1% risk of failure)
Confirm with . or Enter, or press ? or * to list all spells.
You can't see any susceptible monsters within range! (Use Z to cast anyway.) Unknown command.
The hound skeleton bites you.
The hound skeleton bites you but does no damage.
You hit the hound skeleton.
The hound skeleton is moderately damaged.
The hound skeleton bites you.
You hit the hound skeleton.
The hound skeleton is heavily damaged.
The hound skeleton closely misses you.
You hit the hound skeleton.
The hound skeleton is severely damaged.
The hound skeleton barely misses you. x2
You hit the hound skeleton.
The hound skeleton is severely damaged.
The hound skeleton bites you.
You hit the hound skeleton.
The hound skeleton is almost destroyed.
The hound skeleton bites you. The hound skeleton barely misses you.
You hit the hound skeleton.
You destroy the hound skeleton!
Sif Muna accepts your kill.
n - a small granite ring Put on which piece of jewellery? (? for menu, Esc to quit)
n - a +3 ring of slaying (left hand)
You start resting.
HP restored.
Marking area around Menkaure as unsafe for travelling.
Menkaure, Prince of Dust comes into view.
Menkaure shouts!
Casting: Pain (safe; 1% risk of failure)
Confirm with . or Enter, or press ? or * to list all spells.
You can't see any susceptible monsters within range! (Use Z to cast anyway.) Menkaure hums a few words.
You hit Menkaure.
Menkaure is lightly damaged.
Menkaure hits you but does no damage.
A worker ant comes into view.
The worker ant twitches its antennae in your direction.
You hit Menkaure.
Menkaure is moderately damaged.
Menkaure closely misses you.
You hit Menkaure.
Menkaure is moderately damaged.
Menkaure hits you!
You hit Menkaure.
Menkaure is heavily damaged.
Menkaure hits you but does no damage.
You completely miss Menkaure.
Menkaure is moderately damaged.
Menkaure gestures wildly while chanting.
Menkaure seems to speed up.
You barely miss Menkaure.
Menkaure is moderately damaged.
Menkaure closely misses you.
Casting: Pain (safe; 1% risk of failure)
Confirm with . or Enter, or press ? or * to list all spells.
Aiming: Pain (safe; 1% risk of failure)
Press: ? - help, Shift-Dir - straight line, f - worker ant
Aim: a worker ant (chance to defeat MR: 89%)
The worker ant writhes in agony!
The worker ant misses you. Menkaure hits you!
Casting: Pain (safe; 1% risk of failure)
Confirm with . or Enter, or press ? or * to list all spells.
Aiming: Pain (safe; 1% risk of failure)
Press: ? - help, Shift-Dir - straight line, f/p - worker ant
Aim: a worker ant (heavily wounded, chance to defeat MR: 89%)
The worker ant writhes in agony!
The worker ant barely misses you. Menkaure hits you!
* * * LOW HITPOINT WARNING * * *
Casting: Pain (safe; 1% risk of failure)
Confirm with . or Enter, or press ? or * to list all spells.
Aiming: Pain (safe; 1% risk of failure)
Press: ? - help, Shift-Dir - straight line, f/p - worker ant
Aim: a worker ant (almost dead, chance to defeat MR: 89%)
The worker ant writhes in agony!
You kill the worker ant!
Sif Muna accepts your kill. Menkaure barely misses you. x2
Menkaure shouts, "The sands of time shall wipe you from history!"
Menkaure giggles, "These cerements are ticklish..."
Menkaure hits you!
You die...

###..###.#.#.#.
..#............ #..
#.##.....#.#.# #..#
#.#............
#..####.###..#...####
#..#.........##.....
#..#.........# ..###
#..#.##.#..M.# ...)
##..#.##.#..@.########
#........#............
###.####.#...######### #.#
#.#....#..<.. #.#
#.#....#.....
#.####...........#
######..........##.##.#
#...........#.......#.#
###.###########.#...#.#######


You could see Menkaure.

Vanquished Creatures
  2 eyes of draining (D:3)
  A worker ant (D:4)
  2 hound skeletons
  2 gnolls (D:2)
  2 adders (D:2)
  4 worms (D:2)
  2 dart slugs (D:1)
  A leopard gecko (D:2)
  4 orcs (D:3)
  2 ball pythons
  2 giant cockroaches (D:1)
  10 goblins
  10 hobgoblins
  6 jackals
  2 quokkas
  8 bats
  4 frilled lizards
  8 kobolds
  4 rats
76 creatures vanquished.

Vanquished Creatures (collateral kills)
  A gnoll (D:2)
  A dart slug (D:2)
  A goblin (D:2)
  A frilled lizard (D:3)
  2 rats (D:2)
6 creatures vanquished.

Grand Total: 82 creatures vanquished

Notes
Turn   | Place    | Note
-------+----------+-------------------------------------------
     0 | D:1      | sankara the Mummy Necromancer began the quest for the Orb.
     0 | D:1      | Reached XP level 1. HP: 13/13 MP: 4/4
    77 | D:1      | HP: 2/13 [kobold/whip (2)]
    94 | D:1      | HP: 1/13 [rat (1)]
    96 | D:1      | Reached skill level 3 in Spellcasting
   403 | D:1      | Learned a level 1 spell: Animate Skeleton
   610 | D:1      | Reached XP level 2. HP: 19/19 MP: 4/6
  1125 | D:1      | Reached XP level 3. HP: 19/24 MP: 2/8
  1681 | D:2      | HP: 4/24 [worm (3)]
  1689 | D:2      | Reached skill level 4 in Spellcasting
  1706 | D:2      | Learned a level 3 spell: Vampiric Draining
  2439 | D:2      | Reached XP level 4. HP: 30/30 MP: 6/10
  2589 | D:2      | Reached skill level 5 in Necromancy
  2592 | D:2      | HP: 4/30 [gnoll/spear of flaming (6)]
  2615 | D:2      | HP: 2/30 [gnoll/spear of flaming (4)]
  2971 | D:2      | Learned a level 4 spell: Animate Dead
  3118 | D:2      | HP: 4/30 [gnoll/spear of flaming (9)]
  3118 | D:2      | HP: 1/30 [gnoll/spear of flaming (3)]
  3442 | D:2      | HP: 7/30 [rat (1)]
  3894 | D:3      | Found a deep blue altar of Sif Muna.
  3914 | D:3      | Became a worshipper of Sif Muna the Loreminder
  3915 | D:3      | Found a blossoming altar of Fedhas.
  4055 | D:3      | Found a bloodstained altar of Trog.
  4055 | D:3      | Noticed an eye of draining
  4058 | D:3      | Noticed an eye of draining
  4064 | D:3      | Reached XP level 5. HP: 35/35 MP: 2/12
  4107 | D:3      | Killed an eye of draining
  4107 | D:3      | Reached skill level 5 in Spellcasting
  4132 | D:3      | Killed an eye of draining
  4132 | D:3      | Reached skill level 6 in Necromancy
  4132 | D:3      | Reached XP level 6. HP: 41/41 MP: 0/14
  4358 | D:3      | Reached skill level 6 in Spellcasting
  4564 | D:4      | Noticed Menkaure
  4575 | D:4      | HP: 10/41 [Menkaure (15)]
  4582 | D:4      | Slain by Menkaure

Vault maps used:
D:1:      dpeg_arrival_chase, minmay_tromino_i4
D:2:      first_ration, serial_bayou_pond_b, minmay_liquid_box,
          minmay_small_reverse_x
D:3:      grunt_temple_overflow_open, trog_eyes_of_draining
D:4:      serial_shops, shop, cheibrodos_gnoll_hut, uniq_menkaure

Skill      XL: |  1  2  3  4  5  6 |
---------------+-------------------+-----
Spellcasting   | 3 4 5 6 |  6.1
Necromancy     | 5 6 |  6.1
Dodging        | |  1.5
Stealth        | |  1.5

Action                   |  1- 3 |  4- 6 || total
-------------------------+-------+-------++-------
Melee: Unarmed           |     9 |       ||     9
       Whip              |    67 |    88 ||   155
 Cast: Pain              |    67 |    59 ||   126
       Animate Skeleton  |    18 |     2 ||    20
       Animate Dead      |       |     7 ||     7
  Use: Scroll            |     4 |       ||     4
Armor: Robe              |    28 |    19 ||    47
Dodge: Dodged            |    74 |    60 ||   134

Table legend:
 A = Spawn XP
 B = Non-spawn XP
 C = Spawn XP percentage of total XP
 D = Spawn monster count
 E = Non-spawn monster count
 F = Spawn count percentage of total count
 G = Total turns spent on level
                    A         B        C        D         E        F      G
               +---------+---------+-------+---------+---------+-------+---------
         Total |       0 |     518 |   0.0 |       0 |      82 |   0.0 |  4582
               +---------+---------+-------+---------+---------+-------+---------
           D:1 |       0 |      50 |   0.0 |       0 |      28 |   0.0 |  1871
           D:2 |       0 |     129 |   0.0 |       0 |      36 |   0.0 |  1980
           D:3 |       0 |     289 |   0.0 |       0 |      16 |   0.0 |   589
           D:4 |       0 |      50 |   0.0 |       0 |       2 |   0.0 |   142
               +---------+---------+-------+---------+---------+-------+---------

Vault maps used:
D:1:      dpeg_arrival_chase, minmay_tromino_i4
D:2:      first_ration, serial_bayou_pond_b, minmay_liquid_box,
          minmay_small_reverse_x
D:3:      grunt_temple_overflow_open, trog_eyes_of_draining
D:4:      serial_shops, shop, cheibrodos_gnoll_hut, uniq_menkaure

Table legend:
 A = Turns spent in this place as a percentage of turns spent in the entire game.
 B = Non-inter-level travel turns spent in this place as a percentage of non-inter-level travel turns spent in the entire game.
 C = Inter-level travel turns spent in this place as a percentage of turns spent in this place.
 D = Turns resting spent in this place as a percentage of non-inter-level travel turns spent in this place.
 E = Turns spent auto-exploring this place as a percentage of non-inter-level travel turns spent in this place.
 F = Non-inter-level travel turns spent in this place divided by the number of levels of this place that you've seen.
                   A       B       C       D       E      F
               +-------+-------+-------+-------+-------+----------------------
         Total | 100.0 | 100.0 |   3.3 |  47.3 |  32.9 | 1107.8
       Dungeon | 100.0 | 100.0 |   3.3 |  47.3 |  32.9 | 1107.8
               +-------+-------+-------+-------+-------+----------------------

Table legend:
 A = Kills in this place as a percentage of kills in entire the game.
 B = Kills by you in this place as a percentage of kills by you in the entire game.
 C = Kills by friends in this place as a percentage of kills by friends in the entire game.
 D = Other kills in this place as a percentage of other kills in the entire game.
 E = Experience gained in this place as a percentage of experience gained in the entire game.
 F = Experience gained in this place divided by the number of levels of this place that you have seen.
                   A       B       C       D       E      F
               +-------+-------+-------+-------+-------+----------------------
         Total | 100.0 | 100.0 | 100.0 |   N/A | 100.0 | 129.5
       Dungeon | 100.0 | 100.0 | 100.0 |   N/A | 100.0 | 129.5
               +-------+-------+-------+-------+-------+----------------------
